[Event "Condigne Dutch Open 2018"]
[Site "Dieren"]
[Date "2018.07.24"]
[Round "1"]
[White "Ikonnikov, Vyacheslav"]
[Black "Ojas Kulkarni"]
[Result "1-0"]
[ECO "D91"]
[WhiteElo "2536"]
[BlackElo "2226"]
[Annotator "ChessBase"]
[PlyCount "65"]
[EventDate "2018.07.24"]
[EventType "swiss"]
[EventCountry "NED"]
[SourceTitle "playchess.com"]
[Source "ChessBase"]
[SourceQuality "1"]
[TimeControl "40/5400+30:1800+30"]

1. d4 Nf6 2. Nf3 g6 3. c4 Bg7 4. Nc3 d5 5. Bg5 Ne4 6. cxd5 Nxg5 7. Nxg5 e6 8. Qd2 h6 9. Nf3 exd5 10. e3 a5 11. Bd3 c6 12. O-O O-O 13. Ne5 c5 14. f4 Nc6 15. Qf2 Be6 16. Rad1 Rb8 17. Bb1 cxd4 18. exd4 Ne7 19. h3 Bf5 20. Bxf5 Nxf5 21. g4 Nd6 22. Qg2 Nc4 23. Nxd5 Nxb2 24. Rd2 Na4 25. f5 Nb6 26. Nxb6 Bxe5 27. Nd5 Bd6 28. fxg6 fxg6 29. Qe4 Kg7 30. Qe6 Bb4 31. Qe5+ Kg8 32. Nf6+ Rxf6 33. Rxf6 1-0

[Event "Condigne Dutch Open 2018"]
[Site "Dieren"]
[Date "2018.07.24"]
[Round "1"]
[White "Lai, Hing Ting"]
[Black "Sparenberg, Erik"]
[Result "1-0"]
[ECO "E08"]
[WhiteElo "2447"]
[BlackElo "2173"]
[Annotator "NA"]
[PlyCount "79"]
[EventDate "2018.07.24"]
[EventType "swiss"]
[EventCountry "NED"]
[SourceTitle "playchess.com"]
[Source "ChessBase"]
[SourceQuality "1"]
[TimeControl "40/5400+30:1800+30"]

1. c4 Nf6 2. Nf3 e6 3. d4 d5 4. g3 Be7 5. Bg2 O-O 6. O-O c6 7. Qc2 b6 8. b3 Bb7 9. Nc3 Nbd7 10. Rd1 Rc8 11. e4 Nxe4 12. Nxe4 dxe4 13. Qxe4 Qc7 14. Bf4 Bd6 15. Bxd6 Qxd6 16. c5 Qe7 17. b4 Ba6 18. Qc2 Qf6 19. Qc3 Be2 20. Ne5 Nb8 21. Rd2 Bh5 22. a4 Qe7 23. cxb6 axb6 24. a5 bxa5 25. bxa5 c5 26. a6 cxd4 27. Qxd4 Nxa6 28. Rxa6 Rc1+ 29. Bf1 Rxf1+ 30. Kxf1 Qb7 31. Rc6 f6 32. Qb6 Qa8 33. Nd3 Rd8 34. Ra2 Qxa2 35. Qxd8+ Kf7 36. Qd7+ Kg6 37. Nf4+ Kh6 38. Kg2 Qb1 39. Qxe6 Qd1 40. Qe3 1-0

[Event "Condigne Dutch Open 2018"]
[Site "Dieren"]
[Date "2018.07.24"]
[Round "1"]
[White "Viani Antonio Dcunha"]
[Black "Polak, Alexander"]
[Result "1-0"]
[ECO "B19"]
[WhiteElo "2404"]
[BlackElo "2136"]
[Annotator "NA"]
[PlyCount "57"]
[EventDate "2018.07.24"]
[EventType "swiss"]
[EventCountry "NED"]
[SourceTitle "playchess.com"]
[Source "ChessBase"]
[SourceQuality "1"]
[TimeControl "40/5400+30:1800+30"]

1. e4 c6 2. d4 d5 3. Nd2 dxe4 4. Nxe4 Bf5 5. Ng3 Bg6 6. h4 h6 7. h5 Bh7 8. Nf3 e6 9. Bd3 Bxd3 10. Qxd3 Nf6 11. Bd2 Be7 12. O-O-O O-O 13. Kb1 c5 14. Be3 Ng4 15. Ne4 Qc7 16. Nxc5 Bxc5 17. dxc5 Nxe3 18. Qxe3 Na6 19. Ne5 Nxc5 20. b4 Na4 21. Rd7 Qc8 22. Rh4 Nc3+ 23. Kc1 Nd5 24. Qf3 Qe8 25. Rg4 Rc8 26. Qg3 Ne7 27. Rxe7 Qxe7 28. Rxg7+ Kh8 29. Ng6+ 1-0

[Event "Condigne Dutch Open 2018"]
[Site "Dieren"]
[Date "2018.07.24"]
[Round "1"]
[White "Schoppen, Casper"]
[Black "Bruil, Rembrandt"]
[Result "1-0"]
[ECO "B38"]
[WhiteElo "2395"]
[BlackElo "2126"]
[Annotator "NA"]
[PlyCount "79"]
[EventDate "2018.07.24"]
[EventType "swiss"]
[EventCountry "NED"]
[SourceTitle "playchess.com"]
[Source "ChessBase"]
[SourceQuality "1"]
[TimeControl "40/5400+30:1800+30"]

1. e4 c5 2. Nf3 Nc6 3. d4 cxd4 4. Nxd4 g6 5. c4 Nf6 6. Nc3 d6 7. Nc2 Bg7 8. Be2 O-O 9. O-O Bd7 10. Be3 Rc8 11. Rc1 a6 12. f3 Ne5 13. Na3 Be6 14. Nd5 Bxd5 15. cxd5 Rxc1 16. Qxc1 Qb8 17. Qd2 Rc8 18. Rc1 h5 19. Rxc8+ Qxc8 20. h3 Qc7 21. b4 b5 22. Qc2 Qxc2 23. Nxc2 e6 24. dxe6 fxe6 25. a4 bxa4 26. Bxa6 d5 27. Bb5 dxe4 28. fxe4 Nxe4 29. Bxa4 Nc4 30. Ba7 Kf7 31. Bc6 Ned6 32. Bf3 Nc8 33. Bf2 Be5 34. Be2 N4b6 35. Ba6 Bc7 36. Nd4 Nd6 37. Nc6 Ne4 38. Bd4 Nd7 39. Bd3 Nd6 40. Bb2 1-0

[Event "Condigne Dutch Open 2018"]
[Site "Dieren"]
[Date "2018.07.24"]
[Round "1"]
[White "Zwirs, Nico"]
[Black "Van Helvoort, Rob"]
[Result "1-0"]
[ECO "B06"]
[WhiteElo "2386"]
[BlackElo "2119"]
[Annotator "NA"]
[PlyCount "43"]
[EventDate "2018.07.24"]
[EventType "swiss"]
[EventCountry "NED"]
[SourceTitle "playchess.com"]
[Source "ChessBase"]
[SourceQuality "1"]
[TimeControl "40/5400+30:1800+30"]

1. e4 g6 2. d4 Bg7 3. Nc3 d6 4. f4 a6 5. Nf3 b5 6. Bd3 Nd7 7. e5 c5 8. Be4 Rb8 9. Be3 b4 10. Ne2 Nh6 11. h3 e6 12. exd6 Nf5 13. Bxf5 exf5 14. dxc5 Bb7 15. Bd4 O-O 16. Bxg7 Kxg7 17. Qd4+ Kg8 18. Ne5 Qc8 19. Nxd7 Qxd7 20. O-O-O Rfc8 21. Ng3 Bxg2 22. Nh5 1-0

[Event "Condigne Dutch Open 2018"]
[Site "Dieren"]
[Date "2018.07.24"]
[Round "1"]
[White "De Boer, Bas"]
[Black "Beukema, Stefan"]
[Result "0-1"]
[ECO "A81"]
[WhiteElo "2139"]
[BlackElo "2404"]
[Annotator "NA"]
[PlyCount "44"]
[EventDate "2018.07.24"]
[EventType "swiss"]
[EventCountry "NED"]
[SourceTitle "playchess.com"]
[Source "ChessBase"]
[SourceQuality "1"]
[TimeControl "40/5400+30:1800+30"]

1. d4 f5 2. g3 d6 3. Nf3 Nf6 4. Bg2 g6 5. O-O Bg7 6. b4 O-O 7. Bb2 Qe8 8. c4 h6 9. Nbd2 g5 10. Qc2 f4 11. Rfe1 Qh5 12. e4 Bh3 13. Bh1 Ng4 14. e5 dxe5 15. dxe5 Nxf2 16. Kxf2 fxg3+ 17. Kxg3 Nc6 18. c5 Be6 19. Bg2 Nxb4 20. Qe4 Rf4 21. Qxb7 Raf8 22. Re4 Qh4+ 0-1

[Event "Condigne Dutch Open 2018"]
[Site "Dieren"]
[Date "2018.07.24"]
[Round "1"]
[White "Godbole, Atharva"]
[Black "Bosboom, Manuel"]
[Result "1/2-1/2"]
[ECO "B28"]
[WhiteElo "2128"]
[BlackElo "2403"]
[Annotator "NA"]
[PlyCount "82"]
[EventDate "2018.07.24"]
[EventType "swiss"]
[EventCountry "NED"]
[SourceTitle "playchess.com"]
[Source "ChessBase"]
[SourceQuality "1"]
[TimeControl "40/5400+30:1800+30"]

1. e4 c5 2. Nf3 a6 3. c3 d5 4. exd5 Nf6 5. d4 cxd4 6. Qxd4 Qxd5 7. Bc4 Qxd4 8. Nxd4 Bd7 9. O-O Nc6 10. Nxc6 Bxc6 11. Be3 Ng4 12. Bd4 h5 13. Nd2 e5 14. Bb6 Bd6 15. f3 Nf6 16. Rad1 Ke7 17. Rfe1 Nd7 18. Bf2 Rac8 19. Bb3 f6 20. Nc4 Bc5 21. Bxc5+ Nxc5 22. Nd6 Rc7 23. Nf5+ Ke8 24. Bc2 h4 25. f4 Nd7 26. Nxg7+ Kf7 27. Nf5 h3 28. g3 Rh5 29. Nh4 Rxh4 30. gxh4 exf4 31. Be4 Ne5 32. Bxc6 bxc6 33. Re4 f3 34. Rf1 Rd7 35. Rxe5 fxe5 36. Rxf3+ Kg6 37. Rxh3 Rd2 38. h5+ Kh6 39. Re3 Rxb2 40. Rxe5 Rxa2 41. Rc5 a5 1/2-1/2

[Event "Condigne Dutch Open 2018"]
[Site "Dieren"]
[Date "2018.07.25"]
[Round "2"]
[White "L'Ami, Erwin"]
[Black "Viani Antonio Dcunha"]
[Result "1-0"]
[ECO "C95"]
[WhiteElo "2636"]
[BlackElo "2404"]
[Annotator "RC"]
[PlyCount "85"]
[EventDate "2018.07.24"]
[EventType "swiss"]
[EventCountry "NED"]
[SourceTitle "playchess.com"]
[Source "ChessBase"]
[SourceQuality "1"]
[TimeControl "40/5400+30:1800+30"]

1. e4 e5 2. Nf3 Nc6 3. Bb5 a6 4. Ba4 Nf6 5. O-O b5 6. Bb3 Be7 7. Re1 O-O 8. h3 d6 9. c3 Nb8 10. d4 Nbd7 11. Nbd2 Bb7 12. Bc2 Re8 13. Nf1 Bf8 14. Ng3 g6 15. a4 c6 16. Bg5 h6 17. Be3 Qc7 18. Qc1 Kh7 19. b4 Nb6 20. Bb3 Nxa4 21. c4 Bg7 22. c5 dxc5 23. bxc5 exd4 24. Bxd4 Rad8 25. e5 Nd5 26. Ne4 Bc8 27. Nd6 Re7 28. Re4 Be6 29. Rh4 Qd7 30. Ng5+ Kg8 31. Nge4 g5 32. Bxd5 Bxd5 33. Nf6+ Bxf6 34. exf6 Re1+ 35. Qxe1 gxh4 36. f3 Kh7 37. Qxh4 Rg8 38. Re1 Qd8 39. Re7 Qf8 40. Re8 Qxe8 41. Nxe8 Rg6 42. Qf2 b4 43. Nc7 1-0

[Event "Condigne Dutch Open 2018"]
[Site "Dieren"]
[Date "2018.07.25"]
[Round "2"]
[White "Reinderman, Dimitri"]
[Black "Schoppen, Casper"]
[Result "0-1"]
[ECO "A09"]
[WhiteElo "2575"]
[BlackElo "2395"]
[Annotator "ChessBase"]
[PlyCount "92"]
[EventDate "2018.07.24"]
[EventType "swiss"]
[EventCountry "NED"]
[SourceTitle "playchess.com"]
[Source "ChessBase"]
[SourceQuality "1"]
[TimeControl "40/5400+30:1800+30"]

1. Nf3 d5 2. c4 d4 3. b4 g5 4. Bb2 Bg7 5. Nxg5 e5 6. Ne4 f5 7. Nc5 b6 8. Nd3 Ne7 9. e3 O-O 10. c5 Ng6 11. h4 Be6 12. h5 Ne7 13. exd4 exd4 14. Be2 Nbc6 15. O-O Nd5 16. a3 Qh4 17. Bf3 Rae8 18. cxb6 axb6 19. Re1 Bf7 20. g3 Qg5 21. b5 Na5 22. a4 Rxe1+ 23. Qxe1 f4 24. Na3 Re8 25. Qf1 fxg3 26. Qg2 gxf2+ 27. Nxf2 Qxg2+ 28. Kxg2 Nb3 29. Rd1 Nf4+ 30. Kg3 Nxh5+ 31. Kh4 Bf6+ 32. Kg4 Ng7 33. Kh3 Be6+ 34. Kg2 Nc5 35. Nc2 Nf5 36. Ne4 Nxe4 37. Bxe4 Kf7 38. Rc1 Rg8+ 39. Kf2 Bh4+ 40. Kf3 Rg3+ 41. Ke2 d3+ 42. Bxd3 Rg2+ 43. Kf3 Bd5+ 44. Kf4 Rf2+ 45. Ke5 Ne7 46. Ne3 Bf6# 0-1

[Event "Condigne Dutch Open 2018"]
[Site "Dieren"]
[Date "2018.07.25"]
[Round "2"]
[White "Chanda, Sandipan"]
[Black "Geurink, Jasper"]
[Result "1-0"]
[ECO "C03"]
[WhiteElo "2548"]
[BlackElo "2348"]
[Annotator "ChessBase"]
[PlyCount "189"]
[EventDate "2018.07.24"]
[EventType "swiss"]
[EventCountry "NED"]
[SourceTitle "playchess.com"]
[Source "ChessBase"]
[SourceQuality "1"]
[TimeControl "40/5400+30:1800+30"]

1. e4 e6 2. d4 d5 3. Nd2 Be7 4. c3 c5 5. dxc5 Bxc5 6. exd5 exd5 7. Bb5+ Nc6 8. Nb3 Bb6 9. Nf3 Nf6 10. Qe2+ Ne4 11. Be3 O-O 12. O-O-O Re8 13. Rhe1 Bg4 14. h3 Bh5 15. g4 Bg6 16. h4 Nb4 17. cxb4 Rc8+ 18. Bc5 Re6 19. h5 Nxc5 20. bxc5 Rxe2 21. Rxe2 Qf6 22. hxg6 Qxf3 23. Rde1 Bxc5 24. Re8+ Rxe8 25. Rxe8+ Bf8 26. gxh7+ Kxh7 27. Rxf8 Qxf2 28. Bd3+ g6 29. Re8 Qf4+ 30. Kb1 Qxg4 31. Re7 Qf3 32. Nc1 Kg7 33. Rxb7 Qe3 34. Kc2 g5 35. Ne2 a5 36. Rb5 Qe5 37. Nc3 Qh2+ 38. Kb3 g4 39. Rxd5 g3 40. Rg5+ Kh6 41. Rg8 Qg1 42. Ne2 Qb6+ 43. Kc4 g2 44. Nd4 Qxb2 45. Bc2 Qxa2+ 46. Kc5 Qa3+ 47. Kd5 Qa2+ 48. Ke4 Qb2 49. Kd3 Qb7 50. Ke3 Qe7+ 51. Kf3 Qf6+ 52. Nf5+ Kh7 53. Rxg2 Qc3+ 54. Kf4 Qf6 55. Rg5 Kh8 56. Rg3 Kh7 57. Bb3 Kh8 58. Re3 Kh7 59. Bc2 Kg8 60. Bb3 Kh7 61. Rh3+ Kg8 62. Rd3 Kh7 63. Rd7 Kg8 64. Rb7 Qc3 65. Bxf7+ Kf8 66. Bd5 Ke8 67. Be6 Qc1+ 68. Ke5 Qc3+ 69. Kd6 Qa3+ 70. Kc6 Qa4+ 71. Kb6 Qb4+ 72. Ka6 Qf4 73. Rb5 Kd8 74. Rd5+ Ke8 75. Rc5 Qf1+ 76. Kb7 Qb1+ 77. Ka6 Qf1+ 78. Bc4 Qf2 79. Rxa5 Kf8 80. Nd6 Ke7 81. Nc8+ Kf8 82. Rd5 Qb2 83. Nb6 Ke7 84. Rf5 Kd6 85. Kb7 Qg7+ 86. Bf7 Qg2+ 87. Bd5 Qb2 88. Rf7 Kc5 89. Rc7+ Kd4 90. Rc4+ Ke5 91. Kc6 Kf6 92. Nd7+ Ke7 93. Re4+ Kd8 94. Nc5 Qh8 95. Nb7+ 1-0

[Event "Condigne Dutch Open 2018"]
[Site "Dieren"]
[Date "2018.07.25"]
[Round "2"]
[White "Beerdsen, Thomas"]
[Black "Maris, Ivo"]
[Result "1/2-1/2"]
[ECO "C42"]
[WhiteElo "2469"]
[BlackElo "2342"]
[Annotator "ChessBase"]
[PlyCount "41"]
[EventDate "2018.07.24"]
[EventType "swiss"]
[EventCountry "NED"]
[SourceTitle "playchess.com"]
[Source "ChessBase"]
[SourceQuality "1"]
[TimeControl "40/5400+30:1800+30"]

1. e4 e5 2. Nf3 Nf6 3. Nxe5 d6 4. Nf3 Nxe4 5. Nc3 Nxc3 6. dxc3 Be7 7. Bd3 Nc6 8. Be3 Be6 9. Qd2 Qd7 10. a4 h6 11. h3 Bf5 12. O-O O-O 13. a5 a6 14. b4 Ne5 15. Be2 Be6 16. Bd4 Nc6 17. Rad1 Rad8 18. Rfe1 Rfe8 19. Be3 Ne5 20. Bd4 Nc6 21. Be3 1/2-1/2

[Event "Condigne Dutch Open 2018"]
[Site "Dieren"]
[Date "2018.07.25"]
[Round "2"]
[White "Warmerdam, Max"]
[Black "Saravanan V"]
[Result "1-0"]
[ECO "E61"]
[WhiteElo "2424"]
[BlackElo "1174"]
[Annotator "NA"]
[PlyCount "59"]
[EventDate "2018.07.24"]
[EventType "swiss"]
[EventCountry "NED"]
[SourceTitle "playchess.com"]
[Source "ChessBase"]
[SourceQuality "1"]
[TimeControl "40/5400+30:1800+30"]

1. d4 Nf6 2. c4 g6 3. g3 Bg7 4. Bg2 O-O 5. Nc3 c5 6. dxc5 Qa5 7. Qa4 Qxc5 8. Be3 Qc7 9. c5 Nc6 10. Rd1 d5 11. cxd6 exd6 12. Nf3 d5 13. O-O Rd8 14. Qh4 $16 Ne7 15. Nd4 a6 16. Bg5 Qb6 17. Na4 Qd6 18. e4 dxe4 19. Nc6 Qxd1 20. Nxe7+ Kf8 21. Rxd1 Rxd1+ 22. Bf1 Kxe7 23. Nc3 Rd6 24. Nxe4 Rc6 25. Bg2 Re6 26. Qxh7 Kf8 27. Nxf6 Bxf6 28. Bd5 Re1+ 29. Kg2 Bg7 30. Bf6 1-0

[Event "Condigne Dutch Open 2018"]
[Site "Dieren"]
[Date "2018.07.25"]
[Round "2"]
[White "Vrolijk, Liam"]
[Black "Vogel, Jaap"]
[Result "1-0"]
[ECO "C06"]
[WhiteElo "2419"]
[BlackElo "2187"]
[Annotator "NA"]
[PlyCount "69"]
[EventDate "2018.07.24"]
[EventType "swiss"]
[EventCountry "NED"]
[SourceTitle "playchess.com"]
[Source "ChessBase"]
[SourceQuality "1"]
[TimeControl "40/5400+30:1800+30"]

1. e4 e6 2. d4 d5 3. Nd2 Nf6 4. e5 Nfd7 5. Bd3 c5 6. c3 Nc6 7. Ne2 cxd4 8. cxd4 f6 9. exf6 Nxf6 10. Nf3 Bd6 11. O-O Qc7 12. h3 O-O 13. Be3 a6 14. Rc1 Bd7 15. Re1 Rac8 16. a3 Qb8 17. Qd2 e5 18. dxe5 Nxe5 19. Nxe5 Bxe5 20. Bd4 Rxc1 21. Rxc1 Bxd4 22. Nxd4 Ne4 23. Bxe4 dxe4 24. Nb3 Bc6 25. Na5 Rd8 26. Qb4 Qf4 27. Qc4+ Bd5 28. Qc3 b6 29. Nc6 Bxc6 30. Qxc6 e3 31. Qe6+ Qf7 32. Qxe3 b5 33. Qb6 Re8 34. Qxa6 Qf4 35. Rc8 1-0

[Event "Condigne Dutch Open 2018"]
[Site "Dieren"]
[Date "2018.07.25"]
[Round "2"]
[White "Bosboom, Manuel"]
[Black "Van Meegen, Ruud"]
[Result "1-0"]
[ECO "A08"]
[WhiteElo "2403"]
[BlackElo "2222"]
[Annotator "NA"]
[PlyCount "113"]
[EventDate "2018.07.24"]
[EventType "swiss"]
[EventCountry "NED"]
[SourceTitle "playchess.com"]
[Source "ChessBase"]
[SourceQuality "1"]
[TimeControl "40/5400+30:1800+30"]

1. Nf3 Nf6 2. g3 d5 3. Bg2 c5 4. O-O g6 5. d3 Bg7 6. Nbd2 O-O 7. e4 Nc6 8. Re1 b6 9. c3 dxe4 10. dxe4 Ng4 11. e5 Rb8 12. e6 Bxe6 13. Ng5 Nce5 14. Nxe6 fxe6 15. f4 Nd3 16. Qxg4 Nxc1 17. Qxe6+ Kh8 18. Nf3 Nd3 19. Red1 c4 20. Bf1 b5 21. Bxd3 cxd3 22. Ng5 b4 23. Qe3 bxc3 24. bxc3 Qb6 25. Qxb6 Rxb6 26. Rxd3 Rc8 27. Re1 Bf6 28. Ne4 Rbc6 29. Ree3 Kg7 30. Kg2 Ra6 31. Re2 Rc7 32. g4 Kf7 33. Rh3 Kg8 34. Rd2 Ra4 35. Re3 Kf7 36. Kf3 Rac4 37. Rc2 R7c6 38. Rd3 Re6 39. Re2 Rec6 40. Rd7 Ra4 41. g5 Bg7 42. Nd6+ Rxd6 43. Rexe7+ Kf8 44. Rf7+ Ke8 45. Rde7+ Kd8 46. Rxg7 Rd3+ 47. Re3 Rd7 48. Rxd7+ Kxd7 49. Kg4 Rxa2 50. Rh3 Ke6 51. Rxh7 a5 52. Rg7 Rg2+ 53. Kf3 Rxh2 54. Rxg6+ Kf7 55. Ra6 Rh3+ 56. Kg4 Rxc3 57. Rxa5 1-0

[Event "Condigne Dutch Open 2018"]
[Site "Dieren"]
[Date "2018.07.25"]
[Round "2"]
[White "Shyaamnikhil P"]
[Black "Ikonnikov, Vyacheslav"]
[Result "1-0"]
[ECO "A30"]
[WhiteElo "2375"]
[BlackElo "2536"]
[Annotator "ChessBase"]
[PlyCount "21"]
[EventDate "2018.07.24"]
[EventType "swiss"]
[EventCountry "NED"]
[SourceTitle "playchess.com"]
[Source "ChessBase"]
[SourceQuality "1"]
[TimeControl "40/5400+30:1800+30"]

1. Nf3 Nf6 2. g3 b6 3. Bg2 Bb7 4. O-O c5 5. c4 g6 6. Nc3 Bg7 7. d3 O-O 8. Bd2 Nc6 9. Ne5 Na5 10. Bxb7 Nxb7 11. Nf3 1-0

[Event "Condigne Dutch Open 2018"]
[Site "Dieren"]
[Date "2018.07.25"]
[Round "2"]
[White "Maatman, Nick"]
[Black "Van Foreest, Lucas"]
[Result "0-1"]
[ECO "A30"]
[WhiteElo "2345"]
[BlackElo "2488"]
[Annotator "ChessBase"]
[PlyCount "78"]
[EventDate "2018.07.24"]
[EventType "swiss"]
[EventCountry "NED"]
[SourceTitle "playchess.com"]
[Source "ChessBase"]
[SourceQuality "1"]
[TimeControl "40/5400+30:1800+30"]

1. Nf3 Nf6 2. g3 b6 3. Bg2 Bb7 4. O-O g6 5. d3 Bg7 6. e4 d6 7. c4 O-O 8. Nc3 c5 9. h3 Nc6 10. Be3 Rc8 11. Rc1 Nd7 12. Qa4 a6 13. a3 Nd4 14. Kh2 Nxf3+ 15. Bxf3 Ne5 16. Be2 Nc6 17. Bf3 Nd4 18. Bg2 b5 19. Qd1 Qd7 20. Nd5 Rb8 21. b4 e6 22. Nc3 Rfc8 23. bxc5 dxc5 24. Bf4 b4 25. Bxb8 Rxb8 26. Na4 Bc6 27. Nxc5 Qa7 28. Na4 bxa3 29. c5 Nb3 30. Nb6 Nxc5 31. Rxc5 Qxb6 32. Qc2 Bb5 33. Rc8+ Rxc8 34. Qxc8+ Bf8 35. Qc3 Qc5 36. Qd2 Qb4 37. Qc2 Qb2 38. Qd1 a2 39. e5 Bc5 0-1

[Event "Condigne Dutch Open 2018"]
[Site "Dieren"]
[Date "2018.07.25"]
[Round "2"]
[White "De Boer, Eelke"]
[Black "De Boer, Bas"]
[Result "1-0"]
[ECO "B48"]
[WhiteElo "2317"]
[BlackElo "2139"]
[Annotator "NA"]
[PlyCount "37"]
[EventDate "2018.07.24"]
[EventType "swiss"]
[EventCountry "NED"]
[SourceTitle "playchess.com"]
[Source "ChessBase"]
[SourceQuality "1"]
[TimeControl "40/5400+30:1800+30"]

1. e4 c5 2. Nf3 e6 3. d4 cxd4 4. Nxd4 Nc6 5. Nc3 Qc7 6. Be3 a6 7. Qf3 Ne5 8. Qg3 h5 9. h4 Nf6 10. O-O-O b5 11. Bf4 d6 12. Bxb5+ axb5 13. Ndxb5 Qb8 14. Rxd6 Bxd6 15. Nxd6+ Kf8 16. Bxe5 Ng4 17. Nxf7 Nxe5 18. Nxe5 Rh6 19. Rd1 1-0

[Event "Condigne Dutch Open 2018"]
[Site "Dieren"]
[Date "2018.07.25"]
[Round "2"]
[White "Beukema, Jasper"]
[Black "Van Helvoort, Rob"]
[Result "0-1"]
[ECO "B06"]
[WhiteElo "2299"]
[BlackElo "2119"]
[Annotator "NA"]
[PlyCount "168"]
[EventDate "2018.07.24"]
[EventType "swiss"]
[EventCountry "NED"]
[SourceTitle "playchess.com"]
[Source "ChessBase"]
[SourceQuality "1"]
[TimeControl "40/5400+30:1800+30"]

1. d4 g6 2. Nf3 Bg7 3. e4 d6 4. Bc4 e6 5. Nc3 a6 6. a4 b6 7. O-O h6 8. Be3 Ne7 9. Qd2 Nd7 10. Ne1 Bb7 11. f3 d5 12. Be2 c5 13. exd5 ({Better is} 13. a5 $11) 13... exd5 $17 14. Bf2 O-O 15. a5 cxd4 16. Bxd4 Bxd4+ 17. Qxd4 Nf5 18. Qd2 d4 19. Nd1 Re8 20. Rf2 Nf6 21. Ra3 bxa5 22. Rxa5 Qb6 23. b3 Ne3 24. Nb2 Rad8 25. Na4 Qc7 26. Nc5 Rd6 27. Ned3 Bc8 28. Ra2 Rc6 29. Qb4 Nf5 30. Bf1 Nd5 31. Qc4 Nde3 32. Qa4 Rd8 33. Qa3 Nd1 34. Rd2 Nc3 35. Ra1 Ne3 36. Rf2 Ned1 37. Rd2 Ne3 38. Re1 Nb5 39. Qa1 Nxf1 40. Kxf1 Rxc5 41. Nxc5 Qxc5 42. Qa5 Rf8 43. Re4 Qc3 44. Qxc3 dxc3 45. Rde2 Bb7 46. Re8 Bd5 47. R2e7 Be6 48. g4 Nd4 49. Rxf8+ Kxf8 50. Rc7 Nxc2 51. Rxc3 Nd4 52. b4 Bd7 53. Kf2 Bb5 54. Ke3 Nc6 55. Rb3 Ke7 56. Rb2 Ke6 57. f4 f5 58. h3 Ne7 59. Rb1 Nd5+ 60. Kf3 Bd3 61. Rb3 Bc4 62. Rb1 Nf6 63. Re1+ Ne4 64. Ke3 Kd5 65. gxf5 gxf5 66. Rg1 Bb5 67. Rg6 Kc4 68. Rxh6 Kxb4 69. Rg6 a5 70. h4 a4 71. h5 a3 72. h6 a2 73. Rg1 Nf6 74. Kd4 Kb3 75. Ke5 Ng4+ 76. Kxf5 Nxh6+ 77. Kg6 Bd3+ 78. Kxh6 Bb1 79. Rg3+ Kb4 80. f5 Bxf5 81. Rg1 Bb1 82. Rg4+ Kb5 83. Rg5+ Kb6 84. Rg6+ Bxg6 0-1

[Event "Condigne Dutch Open 2018"]
[Site "Dieren"]
[Date "2018.07.25"]
[Round "2"]
[White "Ashwath, R.."]
[Black "Lai, Hing Ting"]
[Result "1/2-1/2"]
[ECO "E13"]
[WhiteElo "2285"]
[BlackElo "2447"]
[Annotator "NA"]
[PlyCount "47"]
[EventDate "2018.07.24"]
[EventType "swiss"]
[EventCountry "NED"]
[SourceTitle "playchess.com"]
[Source "ChessBase"]
[SourceQuality "1"]
[TimeControl "40/5400+30:1800+30"]

1. d4 Nf6 2. c4 e6 3. Nc3 Bb4 4. Nf3 b6 5. Bg5 Bb7 6. Qc2 h6 7. Bh4 g5 8. Bg3 Ne4 9. Nd2 Bxc3 10. bxc3 Nxg3 11. hxg3 Qe7 12. e4 d6 13. Bd3 Nd7 14. Qa4 a6 15. Rb1 Kf8 16. O-O h5 17. f4 g4 18. Qd1 Rh6 19. Qe2 Kg7 20. e5 f5 21. exf6+ Nxf6 22. Rbe1 Re8 23. f5 e5 24. Qe3 1/2-1/2

[Event "Condigne Dutch Open 2018"]
[Site "Dieren"]
[Date "2018.07.25"]
[Round "2"]
[White "Evengroen, Henk-Jan"]
[Black "Hendriks, Willy"]
[Result "1/2-1/2"]
[ECO "B22"]
[WhiteElo "2160"]
[BlackElo "2417"]
[Annotator "NA"]
[PlyCount "46"]
[EventDate "2018.07.24"]
[EventType "swiss"]
[EventCountry "NED"]
[SourceTitle "playchess.com"]
[Source "ChessBase"]
[SourceQuality "1"]
[TimeControl "40/5400+30:1800+30"]

1. e4 c5 2. Nf3 e6 3. c3 d5 4. exd5 exd5 5. d4 Nc6 6. Be2 Bd6 7. dxc5 Bxc5 8. O-O Nge7 9. Nbd2 O-O 10. Nb3 Bb6 11. Nbd4 Nf5 12. Bg5 f6 13. Bf4 Bxd4 $11 14. Nxd4 Ncxd4 15. cxd4 Qb6 16. Bd3 Qxb2 17. Rb1 Qxd4 18. Bd6 Rd8 19. Rb4 Rxd6 20. Rxd4 Nxd4 21. Bxh7+ Kxh7 22. Qh5+ Kg8 23. Qe8+ Kh7 1/2-1/2

[Event "Condigne Dutch Open 2018"]
[Site "Dieren"]
[Date "2018.07.25"]
[Round "2"]
[White "Van Foreest, Machteld"]
[Black "Miedema, David"]
[Result "0-1"]
[ECO "C08"]
[WhiteElo "2141"]
[BlackElo "2370"]
[Annotator "NA"]
[PlyCount "98"]
[EventDate "2018.07.24"]
[EventType "swiss"]
[EventCountry "NED"]
[SourceTitle "playchess.com"]
[Source "ChessBase"]
[SourceQuality "1"]
[TimeControl "40/5400+30:1800+30"]

1. e4 e6 2. d4 d5 3. Nd2 c5 4. exd5 exd5 5. Ngf3 Nf6 6. Bb5+ Bd7 7. Bxd7+ Nbxd7 8. O-O Be7 9. dxc5 Nxc5 10. Nb3 Nce4 11. Nfd4 Nd6 12. Bf4 O-O 13. c3 Re8 14. Re1 Nc4 15. Rb1 Qd7 16. Qd3 Bf8 $11 17. Rxe8 Rxe8 18. Nd2 Nd6 19. N2f3 Re4 20. Be5 Qe7 21. Bxf6 Qxf6 22. Nc2 Qg6 23. Rd1 Nc4 24. Qxd5 Nxb2 25. Rb1 Re2 26. Rxb2 Rxc2 27. Rb1 Rxf2 28. Kxf2 Qxb1 29. Ng5 Qb6+ 30. Kf1 Qf6+ 31. Kg1 Qb6+ 32. Kf1 Qc7 33. g3 h6 34. Ne4 Qc6 35. Qxc6 bxc6 36. Ke2 f5 37. Nf2 Kf7 38. Ke3 Bc5+ 39. Ke2 Bxf2 40. Kxf2 Ke6 41. Ke3 Ke5 42. a4 a5 43. Kd3 g5 44. Ke3 Kd5 45. Kd3 Kc5 46. Kd2 Kc4 47. Kc2 h5 48. h3 f4 49. gxf4 gxf4 0-1

[Event "Condigne Dutch Open 2018"]
[Site "Dieren"]
[Date "2018.07.25"]
[Round "2"]
[White "Polak, Alexander"]
[Black "Van Osch, Mees"]
[Result "0-1"]
[ECO "C11"]
[WhiteElo "2136"]
[BlackElo "2324"]
[Annotator "NA"]
[PlyCount "82"]
[EventDate "2018.07.24"]
[EventType "swiss"]
[EventCountry "NED"]
[SourceTitle "playchess.com"]
[Source "ChessBase"]
[SourceQuality "1"]
[TimeControl "40/5400+30:1800+30"]

1. e4 e6 2. d4 d5 3. Nc3 Nf6 4. e5 Nfd7 5. f4 c5 6. Nf3 Nc6 7. Be3 cxd4 8. Nxd4 Bc5 9. Qd2 O-O 10. O-O-O a6 11. Kb1 Nxd4 12. Bxd4 b5 13. Qe3 Qc7 14. Bd3 b4 15. Ne2 a5 16. Qh3 g6 17. Qe3 a4 18. Rc1 Ba6 19. h4 Bxd4 20. Nxd4 a3 21. Nb3 axb2 22. Rcd1 Nb6 23. h5 Na4 24. hxg6 Nc3+ 25. Kxb2 Nxd1+ 26. Rxd1 fxg6 27. Qc5 Qxc5 28. Nxc5 Bxd3 29. Nxd3 Rac8 30. g3 Rc4 31. Kb3 Rb8 32. Kb2 Rbc8 33. Rd2 Rd4 34. Rh2 Kg7 35. Rh3 Re4 36. Kb3 Re3 37. Kxb4 Rxc2 38. Nc5 Rb2+ 39. Ka4 Rxa2+ 40. Kb5 Rb2+ 41. Kc6 Rc3 0-1